 Dungeon Crawl Stone Soup version 0.18-b1-14-g029dad2 (webtiles) character file.

116 Chiseanne the Magician (level 4, -2/30 HPs)
             Began as a Demonspawn Wizard on Apr 30, 2016.
             Was an Initiate of Gozag.
             Slain by Grinder (5 damage)
             ... while paralysed by Grinder
             ... on level 3 of the Dungeon.
             The game lasted 00:07:13 (3350 turns).

Chiseanne the Magician (Demonspawn Wizard)          Turns: 3350, Time: 00:07:13

Health: -2/30      AC:  6    Str:  8    XL:     4   Next: 69%
Magic:  4/10       EV:  2    Int: 20    God:    Gozag
Gold:   299        SH:  0    Dex: 10    Spells: 4 memorised, 3 levels left

rFire  . . .     SeeInvis .     a - +1 whip (elec)
rCold  . . .     Gourm    .     k - +0 robe
rNeg   . . .     Faith    .     (no shield)
rPois  .         Spirit   .     b - +0 hat
rElec  .         Dismiss  .     (no cloak)
rCorr  .         Reflect  +     (no gloves)
SustAt .         Harm     .     (no boots)
MR     .....                    h - +5 amulet of reflection
Stlth  ++........               (no ring)
                                (no ring)

@: paralysed, not resistant to hostile enchantments, unstealthy
A: antennae 1, rough black scales 1
a: Potion Petition, Call Merchant, Bribe Branch, Renounce Religion


You were on level 3 of the Dungeon.
You worshipped Gozag.
Gozag was noncommittal.
You were not hungry.

You visited 1 branch of the dungeon, and saw 3 of its levels.

You collected 330 gold pieces.
You paid 31 gold pieces to Gozag.

Inventory:

Hand Weapons
 a - a +1 whip of electrocution (weapon)
Missiles
 e - 136 stones (quivered)
 i - 19 sling bullets
 p - 17 arrows
 s - 13 bolts
Armour
 b - a +0 hat (worn)
 k - a +0 robe (worn)
Jewellery
 h - a +5 amulet of reflection (around neck)
 m - an uncursed amulet of the gourmand {unknown}
Potions
 f - 3 potions of curing
 g - a potion of lignification {unknown}
 l - a potion of berserk rage {unknown}
 n - a potion of cancellation {unknown}
 o - a potion of invisibility {unknown}
 q - 2 potions of resistance
 r - a potion of mutation {unknown}
 t - a potion of agility {unknown}
Books
 c - a book of Minor Magic

   Spells                             Type                      Level
   a - Magic Dart                     Conjuration                  1
   b - Blink                          Translocation                2
   c - Call Imp                       Summoning                    2
   d - Repel Missiles                 Charms/Air                   2
   e - Slow                           Hexes                        2
   f - Conjure Flame                  Conjuration/Fire             3
   g - Mephitic Cloud                 Conjuration/Poison/Air       3
Comestibles
 d - 2 bread rations
 j - a slice of pizza


   Skills:
 - Level 1.7 Dodging
 - Level 1.7 Stealth
 * Level 4.3 Spellcasting
 * Level 3.0 Conjurations
   Level 1.0 Summonings
 - Level 0.8 Translocations


You had 3 spell levels left.
You knew the following spells:

 Your Spells              Type           Power        Failure   Level  Hunger
a - Magic Dart            Conj           ###.         3%          1    None
b - Blink                 Tloc           N/A          17%         2    #......
c - Repel Missiles        Chrm/Air       #.....       21%         2    #......
d - Mephitic Cloud        Conj/Pois/Air  #.......     24%         3    ###....


Dungeon Overview and Level Annotations

Branches:
Dungeon (3/15)

Altars:
Ashenzari
Gozag
Pakellas
Vehumet

Annotations:
D:3 Grinder


Innate Abilities, Weirdness & Mutations

You have a pair of small antennae on your head.
You are partially covered in rough black scales (AC +4, Dex -1).


Message History

The magic dart hits Grinder.
Grinder is heavily wounded.
Grinder hits you but does no damage.
You hit Grinder.
Grinder is heavily wounded.
Grinder gestures at you. Pain shoots through your body!
* * * LOW HITPOINT WARNING * * *
You closely miss Grinder.
Grinder is heavily wounded.
Grinder barely misses you.
You closely miss Grinder.
Grinder is heavily wounded.
Grinder gestures at you.
You suddenly lose the ability to move!
Grinder hits you.
* * * LOW HITPOINT WARNING * * *
You writhe in agony.
You die...
Your body crumbles into a pile of gold.

##....................#####..
.....$................##.....
#..###..).............>..###.
#....................##.
#.....................#. ##..
#....................... ....
#####..)).............#.
.....##..............)....... ..
.....#..##..@5..............#
...........###..................#
.......#....##..................#
$......(.........................
###......5#.###..............#.##
#.........#.###.............##..#
..........#............####.###.#
..........##.###.......####.# #.#
......<......###............###.#


You could see Grinder.

Vanquished Creatures
  3 gnolls (D:2)
  An adder (D:2)
  A worm (D:3)
  A dart slug (D:1)
  2 giant geckos
  An orc (D:3)
  7 bats
  6 giant cockroaches
  9 hobgoblins
  2 jackals (D:1)
  10 kobolds
  A quokka (D:3)
  2 ball pythons (D:2)
  5 giant newts
  8 goblins
  9 rats
68 creatures vanquished.

Vanquished Creatures (others)
  A fire dragon (D:2)
1 creature vanquished.

Grand Total: 69 creatures vanquished

Notes
Turn   | Place    | Note
--------------------------------------------------------------
     0 | D:1      | Chiseanne the Demonspawn Wizard began the quest for the Orb.
     0 | D:1      | Reached XP level 1. HP: 13/13 MP: 4/4
   320 | D:1      | Gained mutation: You are partially covered in rough black scales (AC +4, Dex -1). [demonic ancestry]
   320 | D:1      | Reached XP level 2. HP: 18/19 MP: 1/6
  1057 | D:1      | Gained mutation: You have a pair of small antennae on your head. [demonic ancestry]
  1057 | D:1      | Reached XP level 3. HP: 24/24 MP: 0/8
  1492 | D:2      | Found a radiant altar of Vehumet.
  1559 | D:2      | Found a shattered altar of Ashenzari.
  1713 | D:2      | Found an opulent altar of Gozag.
  1836 | D:2      | Became a worshipper of Gozag Ym Sagoz the Greedy
  2154 | D:2      | Reached skill level 4 in Spellcasting
  2154 | D:2      | Reached XP level 4. HP: 28/30 MP: 2/10
  2528 | D:2      | Found an oddly glowing altar of Pakellas.
  2529 | D:2      | Noticed a fire dragon
  2537 | D:2      | Killed a fire dragon
  2884 | D:3      | Noticed Grinder
  3084 | D:2      | Learned a level 2 spell: Blink
  3087 | D:2      | Learned a level 2 spell: Repel Missiles
  3091 | D:2      | Learned a level 3 spell: Mephitic Cloud
  3341 | D:3      | Paralysed by Grinder for 3 turns
  3349 | D:3      | Paralysed by Grinder for 2 turns
  3350 | D:3      | Slain by Grinder

Skill      XL: |  1  2  3  4 |
---------------+-------------+-----
Conjurations   | 2 3 |  3.0
Spellcasting   | 4 |  4.3
Dodging        | |  1.7
Stealth        | |  1.7
Summonings     | |  1.0
Translocations | |  0.8

Action                   |  1- 3 |  4- 6 || total
-------------------------+-------+-------++-------
Melee: Club              |     3 |       ||     3
       Short sword       |    40 |    10 ||    50
       Whip              |       |    14 ||    14
 Cast: Magic Dart        |   103 |    57 ||   160
  Use: Scroll            |     1 |     6 ||     7
       Potion            |     1 |       ||     1
  Eat: Chunk             |     3 |       ||     3
       Fruit             |       |     2 ||     2
       Bread ration      |       |     1 ||     1
Armor: Robe              |    20 |     3 ||    23
Dodge: Dodged            |    50 |    20 ||    70
Block: Other             |       |     3 ||     3
       Reflection        |       |     1 ||     1
